 Dungeon Crawl Stone Soup version 0.28.0 (webtiles) character file.

Game seed: 15297188578616622643

230 browni3141 the Skirmisher (level 6, 0/58 HPs)
             Began as a Gargoyle Berserker on Feb 16, 2022.
             Was a Priest of Trog.
             Slain by an orc priest (3 damage)
             ... on level 4 of the Dungeon.
             The game lasted 00:01:36 (3144 turns).

browni3141 the Skirmisher (Gargoyle Berserker)      Turns: 3144, Time: 00:01:37

Health: 0/58       AC: 10    Str: 22    XL:     6   Next: 3%
Magic:  6/6        EV: 12    Int:  8    God:    Trog [***...]
Gold:   153        SH:  0    Dex:  9    Spells: 5/5 levels left

rFire   . . .      SeeInvis .   a - +0 hand axe
rCold   . . .      Faith    .   (no shield)
rNeg    + . .      Spirit   .   h - +3 leather armour
rPois   ∞          Reflect  .   (no helmet)
rElec   +          Harm     .   (no cloak)
rCorr   .          Rampage  .   (no gloves)
Will    .....                   (no boots)
Stlth   ..........              (no amulet)
HPRegen 0.19/turn               (no ring)
MPRegen 0.10/turn               (no ring)

@: berserking, very quick
A: sickness immunity, AC +4, negative energy resistance 1, electricity
resistance, torment resistance 1, petrification resistance
a: Renounce Religion, Berserk, Trog's Hand


You were on level 4 of the Dungeon.
You worshipped Trog.
Trog was most pleased with you.
You visited 1 branch of the dungeon, and saw 4 of its levels.

You collected 153 gold pieces.

Inventory:

Hand Weapons
 a - a +0 hand axe (weapon)
Armour
 b - a +0 animal skin
 h - a +3 leather armour (worn)
Wands
 l - a wand of iceblast (4)
Scrolls
 c - 2 scrolls of enchant weapon {unknown}
 d - a scroll of blinking {unknown}
 e - a scroll of acquirement {unknown}
 f - a scroll of fear {unknown}
 k - 4 scrolls of identify {unknown}
 m - a scroll of enchant armour {unknown}
Potions
 g - a potion of heal wounds {unknown}
 i - 2 potions of haste {unknown}
 j - 2 potions of lignification {unknown}


   Skills:
 + Level 4.5 Fighting
 + Level 3.7 Axes
 + Level 3.7 Armour
 + Level 2.8 Dodging


You had 5 spell levels left.
You didn't know any spells.
Your spell library was empty.

Dungeon Overview and Level Annotations

Branches:
Dungeon (4/15)
 Temple: D:4-7

Altars:


Innate Abilities, Weirdness & Mutations

You are immune to sickness and miasma.
Your stone body is resilient. (AC +4)
You are immune to poison.
You resist negative energy. (rN+)
You are resistant to electric shocks. (rElec)
You are resistant to unholy torment.
You are immune to petrification.


Message History

The wight is heavily damaged.
You barely miss the orc. The orc barely misses you.
The wight barely misses you.
You slash the orc!
You kill the orc!
Trog accepts your kill.
You closely miss the wight. The wight closely misses you.
You slash the wight!
You feel the power of Trog in you as your rage grows.
You destroy the wight!
Trog accepts your kill.
You have reached level 6!
You hit the orc priest.
The orc priest is lightly wounded.
The orc priest hits you but does no damage.
You barely miss the orc priest.
The orc priest is lightly wounded.
The orc priest closely misses you.
You slash the orc priest!
The orc priest is heavily wounded.
The orc priest looks satisfied for a moment.
You closely miss the orc priest.
The orc priest is heavily wounded.
You completely miss the orc priest.
The orc priest is heavily wounded.
The orc priest hits you but does no damage.
You barely miss the orc priest.
The orc priest is heavily wounded.
You barely miss the orc priest.
The orc priest is heavily wounded.
The orc priest hits you but does no damage.
You hit the orc priest but do no damage.
The orc priest is heavily wounded.
The orc priest mumbles some strange prayers to Beogh against you.
Beogh smites you!
* * * LOW HITPOINT WARNING * * *
You closely miss the orc priest.
The orc priest is heavily wounded.
The orc priest hits you with a +0 hand axe.
You die...

.. .## #. .. .. #.
.'.. ####.. .#.
......#### ..# ####
....# o.# #..#
##+##oo# #..####...@#
##...$.)...#)...#
######..........#..###
......).....####...#
######.#....... ...#
.### #.#.......##..#
...# #.#..........##
##.# #.#......#####
#.# #.########


You could see an orc priest, an orc wizard and an orc.

Vanquished Creatures
  2 wights (D:4)
  A bullfrog skeleton (D:4)
  3 adders
  A worm (D:3)
  2 dart slugs (D:1)
  6 orcs (D:4)
  4 ball pythons
  4 endoplasms
  5 giant cockroaches
  5 goblins
  8 hobgoblins
  3 jackals (D:1)
  4 quokkas
  9 bats
  5 frilled lizards
  8 kobolds
  6 rats
76 creatures vanquished.

Notes
Turn   | Place    | Note
-------+----------+-------------------------------------------
     0 | D:1      | browni3141 the Gargoyle Berserker began the quest for the
                  | Orb.
     0 | D:1      | Reached XP level 1. HP: 14/14 MP: 1/1
   202 | D:1      | Reached XP level 2. HP: 16/19 MP: 2/2
   656 | D:1      | Reached XP level 3. HP: 23/23 MP: 3/3
  1160 | D:1      | Reached ** piety under Trog
  1693 | D:2      | Reached XP level 4. HP: 29/29 MP: 4/4
  1790 | D:2      | Reached skill level 4 in Fighting
  2878 | D:4      | Reached XP level 5. HP: 25/33 MP: 5/5
  3117 | D:4      | Reached *** piety under Trog
  3136 | D:4      | Reached XP level 6. HP: 19/39 MP: 6/6
  3144 | D:4      | Slain by an orc priest

Illustrated notes

Levels and vault maps discovered:
D:1:      dpeg_arrival_prison, layout_basic
D:2:      layout_rooms
D:3:      layout_basic, hangedman_decor_clover_reticule, patterned_corridor
D:4:      minmay_inner_zag, layout_rooms, evilmike_ruin_ashenzari

Skill      XL: |  1  2  3  4 |
---------------+-------------+-----
Axes           | 3 |  3.7
Dodging        | 2 |  2.8
Armour         | 3 |  3.7
Fighting       | 4 |  4.5

Action                   |  1- 3 |  4- 6 || total
-------------------------+-------+-------++-------
Melee: Hand axe          |   110 |   146 ||   256
       Punch             |     1 |       ||     1
Invok: Berserk           |     1 |     2 ||     3
Armor: Animal skin       |    44 |       ||    44
       Leather armour    |     7 |    57 ||    64
Dodge: Dodged            |   114 |    82 ||   196
